 Dungeon Crawl Stone Soup version 0.18.1-1-g2f07953 (webtiles) character file.

20 jacquesderrida the Charmwright (level 2, -2/24 HPs)
             Began as a Centaur Skald on May 7, 2016.
             Slain by a giant gecko (3 damage)
             ... on level 2 of the Dungeon.
             The game lasted 00:02:03 (342 turns).

jacquesderrida the Charmwright (Centaur Skald)       Turns: 342, Time: 00:02:03

Health: -2/24      AC:  5    Str: 14    XL:     2   Next: 58%
Magic:  3/4        EV:  9    Int: 14    God:
Gold:   34         SH:  0    Dex:  8    Spells: 1 memorised, 3 levels left

rFire  . . .     SeeInvis .     a - +0 spear
rCold  . . .     Gourm    .     b - +0 leather armour
rNeg   . . .     Faith    .     (no shield)
rPois  .         Spirit   .     h - +0 helmet {Int+3}
rElec  .         Dismiss  .     (no cloak)
rCorr  .         Reflect  .     (no gloves)
SustAt .         Harm     .     (no barding)
MR     .....                    (no amulet)
Stlth  ..........               (no ring)
                                (no ring)

@: infused, very quick, not resistant to hostile enchantments, extremely
unstealthy
A: hooves 3, deformed body, speed 2, tough skin 3
a: no special abilities


You were on level 2 of the Dungeon.
You were not hungry.

You visited 1 branch of the dungeon, and saw 2 of its levels.

You collected 34 gold pieces.

Inventory:

Hand Weapons
 a - a +0 spear (weapon)
Armour
 b - a +0 leather armour (worn)
 h - a +0 helmet of intelligence (worn)
Scrolls
 f - a scroll of enchant armour {unknown}
Potions
 g - a potion of cure mutation {unknown}
Books
 c - a book of Battle

   Spells                             Type                      Level
   a - Infusion                       Charms                       1
   b - Shroud of Golubria             Charms/Translocation         2
   c - Song of Slaying                Charms                       2
   d - Spectral Weapon                Hexes/Charms                 3
   e - Regeneration                   Charms/Necromancy            3
Comestibles
 d - a bread ration
 i - a chunk of flesh


   Skills:
 - Level 2.0 Fighting
 + Level 2.2 Polearms
 - Level 0.6 Armour
 - Level 0.6 Dodging
 - Level 1.5 Spellcasting
 + Level 3.2 Charms


You had 3 spell levels left.
You knew the following spells:

 Your Spells              Type           Power        Failure   Level  Hunger
a - Infusion              Chrm           ##..         10%         1    ##.....


Dungeon Overview and Level Annotations

Branches:
Dungeon (2/15)

Altars:


Innate Abilities, Weirdness & Mutations

You have hooves in place of feet.
Armour fits poorly on your strangely shaped body.
You cover ground very quickly.
You have extremely tough skin (AC +3).


Message History

Press: ? - help, Dir - move target cursor, f - giant gecko
Aim: a giant gecko (clinging)
You reach to attack!
You barely miss the giant gecko.
You hit the giant gecko but do no damage.
The giant gecko bites you.
You barely miss the giant gecko. Your kick misses the giant gecko.
The giant gecko bites you.
* * * LOW HITPOINT WARNING * * *
The giant gecko bites you but does no damage.
You are too injured to fight recklessly!
You closely miss the giant gecko. The giant gecko barely misses you.
You hit the giant gecko.
The giant gecko is almost dead.
The giant gecko bites you.
* * * LOW HITPOINT WARNING * * *
Casting: Infusion
Confirm with . or Enter, or press ? or * to list all spells.
You begin infusing your attacks with magical energy.
The giant gecko bites you.
You die...

### #....# #.[..+
####....# ###.......#
#....#....# ### #
.....#..### ..#.#
...[....########.#.####.
........................
#......#########@#.####
..#....# #l# #.#....#
#.# #.#....# #.#
#.#....# .<# #.#.##.#
#.# #.#.. .. ..# ###


You could see a giant gecko.

Vanquished Creatures
  A worm (D:2)
  A giant gecko (D:1)
  A bat (D:2)
  3 hobgoblins
  3 jackals (D:2)
  A ball python (D:2)
  A giant newt (D:1)
  A kobold (D:1)
  4 rats
16 creatures vanquished.

Notes
Turn   | Place    | Note
--------------------------------------------------------------
     0 | D:1      | jacquesderrida the Centaur Skald began the quest for the Orb.
     0 | D:1      | Reached XP level 1. HP: 17/17 MP: 3/3
    99 | D:1      | Reached skill level 3 in Charms
   126 | D:1      | Reached XP level 2. HP: 15/24 MP: 4/4
   182 | D:2      | HP: 1/24 [jackal (2)]
   341 | D:2      | HP: 1/24 [giant gecko (3)]
   342 | D:2      | Slain by a giant gecko

Skill      XL: |  1 |
---------------+----+-----
Polearms       | 2 |  2.2
Charms         | 3 |  3.2
Fighting       | |  2.0
Armour         | |  0.6
Dodging        | |  0.6
Spellcasting   | |  1.5

Action                   || total
-------------------------++-------
Melee: Spear             ||    76
       Kick              ||    12
 Cast: Infusion          ||     1
  Use: Potion            ||     1
Armor: Leather armour    ||    16
Dodge: Dodged            ||    31
